[Event "Late-Titled-Tuesday-Blitz-February-27-2024"]
[Site "Chess.com"]
[Date "2024.02.27"]
[Round "3"]
[White "Kirill_Klukin"]
[Black "DishonorOnYourCow"]
[Result "1-0"]
[WhiteElo "2850"]
[BlackElo "2591"]
[TimeControl "180+1"]
[EndTime "14:30:50 PST"]
[Termination "Kirill_Klukin won by checkmate"]

1. d4 Nf6 2. Nf3 g6 3. e3 Bg7 4.
Be2 d5 5. O-O O-O 6. b4 b6 7. Bb2 Bb7 8. Nbd2 Nbd7 9. c4 c5 10.
dxc5 bxc5 11. b5 Nb6 12. a4 dxc4 13. Nxc4 Bd5 14. Nfe5 Ne4 15. Qc2 Nxc4 16. Nxc4 Bxb2 17. Qxb2 Qc7 18. Rfd1 Rfd8 19. Rac1 Rab8 20. h3 Be6 21. Qc2 Nd6 22. Nb2 Rbc8 23. Nd3 c4 24. Nb4 Bf5 25. Qa2 Qb7 26. Nc6 Re8 27. Bxc4 Be4 28. Bd5 Bxd5 29. Qxd5 a6 30. Rb1 axb5 31. axb5 Nf5 32. Qf3 Qb6 33. Nd4 Nxd4 34. Rxd4 Rb8 35. Rdb4 Qc5 36. b6 e5 37. b7 Qc7 38. h4 h5 39. g3 Kg7 40. Rb6 Re7 41. Qf6+ Kg8 42. Rc6 Rxb7 43. Rbc1 Qd7 44. Rc8+ Re8 45. R8c5 Rbb8 46. Rxe5 Rxe5 47.
Qxe5 Re8 48. Qc3 Qe7 49. Kg2 Rd8 50. Qc4 Re8 51. Qf4 Qb7+ 52. Kg1 Qe7 53. Rc7 Qe6 54. Kh2 Rd8 55. Rc2 Rd1 56. Qb8+ Kg7 57. Qb2+ Kh7 58. Rd2 Rxd2 59. Qxd2 Qf5 60. Kg1 Qb1+ 61. Kg2 Qf5 62.
Qe2 Qd5+ 63. Qf3 Qe6 64. Qf4 Kg7 65. e4 Qc6 66. Qe3 Qb7 67. Qd4+ Kh7 68. Qd5 Qa7 69. Kf3 Kg7 70. Qe5+ Kh7 71. Qf4 Qa2 72. Qe3 Kg7 73. Kg2 Qe6 74. Qd4+ Kh7 75. Qd5 Qe7 76. Qd3 Qa7 77. Qf3 Kg7 78. g4 hxg4 79. Qxg4 Qb7 80. h5 Kh6 81. hxg6 fxg6 82. Qf4+ Kg7 83. Qe5+ Kh6 84. Qh8+ Kg5 85. Qe5+ Kh6 86. Kg3 Qb3+ 87. Kh4 Qf3 88. Qh8# 1-0

[Event "Late-Titled-Tuesday-Blitz-February-27-2024"]
[Site "Chess.com"]
[Date "2024.02.27"]
[Round "3"]
[White "Yaacovn"]
[Black "Pingah9"]
[Result "1/2-1/2"]
[WhiteElo "2834"]
[BlackElo "2561"]
[TimeControl "180+1"]
[EndTime "14:30:51 PST"]
[Termination "Game drawn by repetition"]

1. d4 g6 2. Nf3 Bg7 3. e3 Nf6 4. Be2 O-O 5. O-O b6 6. b3 Bb7 7. Bb2 Ne4 8. c4 e6 9. Qc2 d6 10.
Rd1 Nd7 11. Nc3 Nxc3 12. Bxc3 Qe7 13. Rac1 a5 14. Ne1 e5 15. dxe5 Nxe5 16. Bxe5 Qxe5 17. Bf3 Bxf3 18. Nxf3 Qb2 19. Qxb2 Bxb2 20. Rc2 Bf6 21.
Ne1 Rfe8 22. Nd3 a4 23. b4 Re4 24. a3 g5 25. h3 Kg7 26. g4 h5 27. gxh5 Rh8 28. Kg2 Rxh5 29. Rh1 Reh4 30. f3 Rh8 31. Nf2 Re8 32. e4 Rhh8 33. Ng4 Bd4 34. Rd1 c5 35. Rb1 Kg6 36. bxc5 bxc5 37. Rb6 Re6 38. Re2 f5 39. exf5+ Kxf5 40. Rxe6 Kxe6 41. Kg3 Bc3 42. Ra6 Rb8 43. Rxa4 Rb2 44. f4 Be1+ 45. Kf3 gxf4 46.
Kxf4 Rb3 47. Ra8 Kd7 48. Ra7+ Kc6 49. Nf6 Rc3 50. Ra6+ Kb7 51. Ra4 Rxh3 52. Ne4 Rb3 53. Nxd6+ Kc6 54. Ra6+ Kd7 55. Ne4 Rb1 56. Nxc5+ Kc7 57.
Nd3 Bc3 58. Ke4 Rh1 59. Rg6 Ra1 60. Ra6 Kb7 61. Ra4 Rh1 62. Nf4 Bd2 63. Nd5 Kc6 64. Kd3 Bc1 65. Ra6+ Kc5 66. Ra5+ Kc6 67. Nb4+ Kb7 68.
Rb5+ Kc7 69. a4 Rh3+ 70. Ke4 Rh4+ 71. Kd3 Rh3+ 72. Kc2 Be3 73. Nd5+ Kc6 74. Rb3 Rh2+ 75. Kd3 Bc5 76. Rb5 Rh3+ 77. Kc2 Rh2+ 78. Kd1 Rh1+ 79. Ke2 Rh2+ 80. Kf3 Rh3+ 81. Kg4 Rh1 82. Ra5 Rc1 83.
Ra6+ Kb7 84. Ra5 Rxc4+ 85. Kf5 Ba7 86. Ke6 Rc5 87. Rb5+ Rxb5 88. axb5 Bg1 89. Kf5 Bh2 90. Ke4 Bg1 91. Kd3 Bh2 92. Kc4 Bg1 93. Nc3 Bf2 94.
Ne2 Bh4 95. Nf4 Bd8 96. Ne6 Be7 97. Nd4 Bh4 98. Nf5 Bf2 99. Nd6+ Kb6 100. Ne4 Bg1 101. Nc3 Kb7 102. Kd5 Bf2 103. Ne4 Bg1 104. Nd6+ Kb6 105. Kc4 Bf2 106. Nc8+ Kb7 107. Ne7 Bg1 108. Nf5 Bf2 109.
Nd6+ Kb6 1/2-1/2

[Event "Late-Titled-Tuesday-Blitz-February-27-2024"]
[Site "Chess.com"]
[Date "2024.02.27"]
[Round "3"]
[White "WPWPWP-2015"]
[Black "ahkashefi2800"]
[Result "0-1"]
[WhiteElo "2427"]
[BlackElo "2624"]
[TimeControl "180+1"]
[EndTime "14:30:53 PST"]
[Termination "ahkashefi2800 won by resignation"]

1. e4 c6 2. Nc3 d5 3. d4 dxe4 4. Nxe4 Nd7 5. Nc3 Ngf6 6. Nf3 Nb6 7. h3 Bf5 8. Be2 Nbd5 9. O-O e6 10. Nxd5 cxd5 11.
Bg5 a6 12. c3 Be7 13. Ne5 O-O 14. Re1 Nd7 15. Bxe7 Qxe7 16. Qd2 Nxe5 17. dxe5 Rfd8 18. Rad1 Rac8 19. Qf4 Qc7 20. Rd4 Bg6 21. Bg4 Qa5 22. a3 b5 23. h4 Rc4 24. h5 Bc2 25.
h6 Rxd4 26. Qxd4 Rc8 27. Qd2 Bg6 28. Be2 gxh6 29. Rd1 Qc7 30. Qf4 Kg7 31. Qf6+ Kg8 32.
Qf4 h5 33. Qg5 Qd8 34. Qe3 Qe7 35. Rd4 Kh8 36. Qh6 Rg8 37. Bxh5 Bxh5 38. Qxh5 Qg5 39. Qxg5 Rxg5 40. f4 Rg8 41. a4 Re8 42. Rb4 Rb8 43. Kf2 Kg7 44. g4 Kg6 45. Kg3 h6 46. Kh4 Rb7 47. Kg3 Rb8 48. Kh4 Kg7 49. Kh5 Kh7 50.
axb5 axb5 51. f5 Kg7 52. f6+ Kh7 53. b3 Rc8 54. Rxb5 Rxc3 55. Kh4 Re3 56. Rb7 Kg6 57. b4 Rxe5 58. b5 Kxf6 59. b6 Re1 60. Rd7 Rb1 61. b7 Rb3 62. Rc7 e5 63. Rc6+ Ke7 64. Rc7+ Ke6 65. Rc6+ Kd7 66. Rxh6 Rxb7 67. Kg5 Rb1 68. Kf5 Re1 69. Ra6 d4 70. Ra7+ Kd6 71. g5 d3 72. Ra8 e4 73. Rd8+ Ke7 74. Rd4 Re2 75. Kf4 d2 76. Rd5 e3 77. Kf3 Re1 78. g6 fxg6 79. Re5+ Kf6 80. Rd5 d1=Q+ 81. Kf4 Qxd5 0-1

[Event "Late-Titled-Tuesday-Blitz-February-27-2024"]
[Site "Chess.com"]
[Date "2024.02.27"]
[Round "3"]
[White "Rutricks"]
[Black "rasmussvane"]
[Result "1/2-1/2"]
[WhiteElo "2684"]
[BlackElo "2937"]
[TimeControl "180+1"]
[EndTime "14:31:07 PST"]
[Termination "Game drawn by stalemate"]

1. c4 e6 2. Nf3 d5 3. d4 a6 4. cxd5 exd5 5. Nc3 Nf6 6. Bg5 Be6 7. e3 Nbd7 8. Bd3 Bd6 9. h3 c6 10. Qc2 Qc7 11.
O-O h6 12. Bxf6 Nxf6 13. e4 dxe4 14. Nxe4 Nxe4 15. Bxe4 O-O 16. Rfd1 Rad8 17. Rac1 Qb8 18. Bf5 Bd5 19. Be4 Bxe4 20. Qxe4 Rfe8 21. Qf5 g6 22. Qa5 Bf4 23. Rc2 Rd5 24. Qb4 Bd6 25. Qb3 Bf8 26.
Rcd2 Bg7 27. Ne1 Red8 28. Nc2 R8d7 29. Re2 Bf6 30. Nb4 Rb5 31. Qc4 a5 32. Nxc6 bxc6 33. Qxc6 Re7 34. Rde1 Rxe2 35. Rxe2 Kg7 36. Re8 Qb6 37. Qc8 Qb7 38. Rg8+ Kh7 39. Qe8 Qe7 40. Qxb5 Kxg8 41. Qxa5 Kg7 42. Qd2 Qd6 43. d5 Be5 44. g3 Qb6 45. b3 Qd4 46. Qxd4 Bxd4 47. Kf1 Kf6 48. f4 Ke7 49. Ke2 Kd6 50. Kd3 Kxd5 51. a4 Bf2 52. g4 Bc5 53. Kc3 Bd6 54.
f5 gxf5 55. gxf5 Ke5 56. Kc4 Kxf5 57. a5 Ke4 58. Kb5 f5 59. a6 Bb8 60. Kb6 Be5 61. Kb7 Bd4 62. b4 f4 63. b5 f3 64. b6 Bxb6 65.
Kxb6 f2 66. a7 f1=Q 67. a8=Q+ Ke3 68. Qe8+ Kd4 69. Qh8+ Kd5 70. Qxh6 Qb1+ 71. Kc7 Qc2+ 72. Kd8 Ke5 73. Qg5+ Ke6 74. Qe7+ Kd5 75. Qd7+ Ke5 76. Qe7+ Kf4 77. Qh4+ Ke5 78. Qg5+ Ke6 79. h4 Qd3+ 80. Kc7 Qd6+ 81. Kb7 Qb4+ 82. Kc6 Qc4+ 83. Kb6 Qb4+ 84. Kc6 Qc4+ 85. Kb6 Qb4+ 86. Ka6 Qa4+ 87. Kb7 Qb4+ 88.
Ka7 Qa4+ 89. Kb6 Kf7 90. Qf5+ Kg7 91. h5 Qb4+ 92. Kc6 Qc4+ 93. Kd6 Qd4+ 94. Ke6 Qb6+ 95. Ke5 Qc5+ 96. Kf4 Qxf5+ 97. Kxf5 Kh6 98. Kg4 Kh7 99.
h6 Kh8 100. Kg5 Kg8 101. h7+ Kh8 102. Kh6 1/2-1/2

[Event "Late-Titled-Tuesday-Blitz-February-27-2024"]
[Site "Chess.com"]
[Date "2024.02.27"]
[Round "3"]
[White "tteshan"]
[Black "TheAlienParty"]
[Result "1-0"]
[WhiteElo "2595"]
[BlackElo "2394"]
[TimeControl "180+1"]
[EndTime "14:31:11 PST"]
[Termination "tteshan won by checkmate"]

1. e4 e5 2. Nf3 Nc6 3. Bb5 a6 4. Ba4 d6 5. O-O Bd7 6. c4 Nd4 7.
Bxd7+ Qxd7 8. Nxd4 exd4 9. d3 g6 10. f4 Bg7 11. Nd2 Ne7 12. Nf3 h6 13. Rb1 O-O 14. b4 f5 15. Bb2 c5 16. bxc5 dxc5 17.
e5 b5 18. Ba3 Rfc8 19. Qb3 b4 20. Bc1 a5 21. a4 Rc6 22. Qd1 Nc8 23. Ra1 Nb6 24.
Kh1 Re6 25. h3 Rae8 26. Nd2 g5 27. g3 gxf4 28. gxf4 Rg6 29. Qh5 Rg3 30. Rf3 Qc6 31. Kh2 Rxf3 32. Qxf3 Qd7 33. Nb3 Nxa4 34. Qd5+ Qxd5 35.
cxd5 Nc3 36. Rxa5 Nxd5 37. Rxc5 Ne3 38. Nxd4 Nd1 39. Nxf5 Rb8 40. Rc7 Bf8 41. e6 b3 42.
e7 b2 43. Bxb2 Rxb2+ 44. Kg3 Bxe7 45. Rxe7 Rd2 46. Nxh6+ Kf8 47. Rd7 Ke8 48. Rd5 Nc3 49. Re5+ Kf8 50. Re3 Kg7 51. Nf5+ Kg6 52. Ne7+ Kh5 53. f5 Ne2+ 54. Kf3 Ng1+ 55. Ke4 Kh4 56. Ng6+ Kg5 57. Rg3+ Kf6 58. Rxg1 Re2+ 59. Kd4 Kxf5 60. h4 Rh2 61. Rg5+ Kf6 62. Rg3 Rh1 63. Nf4 Rxh4 64.
Ke3 Kf5 65. Ne2 Ra4 66. Rf3+ Kg5 67. d4 Ra3+ 68. Ke4 Ra2 69. Nc3 Ra1 70. d5 Re1+ 71.
Kd4 Rd1+ 72. Ke5 Kg4 73. Rf4+ Kg3 74. Rf8 Re1+ 75. Ne4+ Kg4 76. Rf4+ Kh5 77. d6 Rd1 78. Ke6 Kh6 79. Rf5 Re1 80. Re5 Rd1 81. d7 Kh7 82. Rd5 Re1 83. Ke5 Rg1 84. d8=Q Rg5+ 85. Nxg5+ Kg6 86. Qf6+ Kh5 87. Ne4 Kg4 88. Qg5+ Kf3 89. Qg3+ Ke2 90. Qf2# 1-0

[Event "Late-Titled-Tuesday-Blitz-February-27-2024"]
[Site "Chess.com"]
[Date "2024.02.27"]
[Round "3"]
[White "Andreikka"]
[Black "Zavgorodniy_Sergiy"]
[Result "1-0"]
[WhiteElo "2956"]
[BlackElo "2624"]
[TimeControl "180+1"]
[EndTime "14:32:08 PST"]
[Termination "Andreikka won by checkmate"]

1. Nf3 d5 2. e3 Nf6 3. c4 e6 4.
Nc3 Be7 5. b3 b6 6. cxd5 exd5 7.
d4 O-O 8. Bd3 Bb7 9. O-O Nbd7 10. Bb2 c5 11. Rc1 Rc8 12. Qe2 Qc7 13. Rfd1 Rfd8 14. h3 Qb8 15. Bf5 g6 16. Bd3 Ne4 17.
dxc5 Nxc3 18. Bxc3 bxc5 19. h4 h5 20. Bb1 Ba8 21.
Bd3 Bb7 22. Bb5 Nf6 23. Be5 Qa8 24. Ng5 a6 25. Bd3 Ng4 26. Bf4 Bd6 27. Bxd6 Rxd6 28. f3 Ne5 29. Bb1 Qb8 30. Qb2 Rdd8 31. Qf2 Kg7 32.
Qg3 Qd6 33. Qf4 Qe7 34. Rd2 Rd7 35. Bd3 Nxd3 36. Rxd3 Rcd8 37. Nh3 d4 38. e4 a5 39. Nf2 Ba6 40. Rd2 a4 41. Qg5 Qe6 42. Qxc5 axb3 43. axb3 Qxb3 44. Rcd1 Qe3 45. Qg5 Qc3 46.
Nh3 d3 47. Nf4 Kh7 48. Nd5 Qd4+ 49. Kh2 Rd6 50. Qe7 R8d7 51. Qg5 Re6 52. Rc1 Bc4 53. Nf4 Re5 54. Qg3 Rc5 55. Nh3 Qe3 56. Rcd1 Bb3 57. Ng5+ Kg7 58. Qe1 Qxe1 59. Rxe1 Rc2 60. Red1 Rxd2 61. Rxd2 Bc2 62. Kg3 f6 63. Nh3 Kf7 64. Kf4 Ke6 65. Ke3 Ra7 66. Nf4+ Kf7 67. Nxd3 Bxd3 68. Rxd3 Ra2 69. g3 Ra7 70. Rd6 Re7 71.
Kf4 Kg7 72. Rd5 Rf7 73. g4 hxg4 74. fxg4 Rb7 75. g5 fxg5+ 76. hxg5 Kf7 77. Rd6 Rb5 78.
Rd7+ Kf8 79. Rd5 Rb1 80. Ke5 Ke7 81. Ra5 Rb7 82. Rd5 Rc7 83. Rb5 Ra7 84. Rb6 Ra5+ 85. Kf4 Kf7 86. Rb7+ Kf8 87. Rd7 Kg8 88. Rd5 Ra6 89.
Ke5 Kf7 90. Rd7+ Kf8 91. Rd6 Ra4 92. Rxg6 Kf7 93. Rf6+ Ke7 94. Kf5 Ra1 95. Kg6 Re1 96. Rf4 Ke6 97. Kg7 Ke5 98. Rf2 Rxe4 99. g6 Ke6 100.
Kg8 Ke7 101. g7 Rh4 102. Re2+ Kd7 103. Re5 Kd6 104. Re8 Kd7 105. Re1 Kd6 106. Kf7 Rf4+ 107. Kg6 Rg4+ 108. Kf6 Rf4+ 109. Kg5 Rf2 110. Re4 Rg2+ 111. Rg4 Re2 112. g8=Q Re5+ 113. Kf6 Re4 114. Rxe4 Kc5 115. Re5+ Kb6 116. Qe6+ Ka7 117. Rd5 Ka8 118. Rd7 Kb8 119. Qe7 Kc8 120. Qd8# 1-0

[Event "Late-Titled-Tuesday-Blitz-February-27-2024"]
[Site "Chess.com"]
[Date "2024.02.27"]
[Round "3"]
[White "Boorchess"]
[Black "Hui_Li_Macau"]
[Result "0-1"]
[WhiteElo "2522"]
[BlackElo "2369"]
[TimeControl "180+1"]
[EndTime "14:32:41 PST"]
[Termination "Hui_Li_Macau won on time"]

1. d4 d5 2. c4 e6 3. Nf3 Nf6 4. g3 Be7 5. Bg2 O-O 6. O-O dxc4 7. Qc2 a6 8. a4 Bd7 9. Qxc4 Bc6 10. Bg5 Bd5 11. Qc1 h6 12. Bxf6 Bxf6 13. Nc3 Bxf3 14.
Bxf3 c6 15. Rd1 a5 16. Ne4 Na6 17. Qf4 Bg5 18. Nxg5 Qxg5 19. e3 Rfd8 20. Rac1 Qxf4 21. gxf4 Nb4 22. h4 Kf8 23. Kf1 g6 24. Ke2 h5 25.
Rg1 Ke7 26. Rc5 Nd5 27. Rgc1 Ra6 28. Kf1 Nb4 29. Be2 Raa8 30. Kg2 Rd5 31. Kf3 Rxc5 32. Rxc5 Kd6 33. Rc1 Nd5 34. Bc4 Nb6 35. Bb3 Nd5 36.
Bxd5 exd5 37. f5 Rg8 38. Rg1 Ke7 39. Kf4 Kf6 40. fxg6 fxg6 41. f3 Rb8 42. e4 dxe4 43.
fxe4 b5 44. Rg5 bxa4 45. Rxa5 Rxb2 46. Rxa4 Rh2 47. Kg3 Re2 48. Kf3 Rh2 49. Ra6 Rh3+ 50. Ke2 Rxh4 51. Rxc6+ Kf7 52. Kd3 Rh1 53. e5 g5 54. d5 Rd1+ 55. Ke4 h4 56. Rc7+ Ke8 57. Rh7 Kf8 58. e6 Kg8 59. Rh5 Kf8 60. Rxg5 Ke7 61. Rh5 Re1+ 62. Kd4 Rd1+ 63. Ke5 Re1+ 64. Kf5 Rf1+ 65. Kg6 Rg1+ 66. Kh7 Rh1 67. Kg6 h3 68.
Rh7+ Kd6 69. Rd7+ Kc5 70. e7 Re1 71. Kf7 h2 72. e8=Q Rxe8 73. Kxe8 h1=Q 74. Kd8 Qh4+ 75.
Kc7 Qa4 76. Rd8 Qa5+ 77. Kc8 Qa8+ 78. Kc7 Qa7+ 79. Kc8 Kb6 80. Rd6+ Kc5 81. Rd8 Qa6+ 82. Kc7 Qa5+ 83. Kc8 Qa8+ 84. Kc7 Qa4 85. Kc8 Kb6 86.
Rd6+ Kc5 87. Rd8 Qg4+ 88. Kc7 Qf4+ 89. Kc8 Qf5+ 90. Kc7 Qe5+ 91. Kc8 Kb6 92. Rd7 Qc3+ 93. Kd8 Qh8+ 94. Ke7 Kc5 95. Ke6 Qh3+ 96. Ke7 Qe3+ 97. Kd8 Qg5+ 98. Kc8 Qf5 99. Kc7 Qe5+ 100. Kd8 Qb8+ 101. Ke7 Qc8 102. Ke6 Qe8+ 103. Re7 Qg8+ 104. Rf7 Qc8+ 105. Rd7 Qg8+ 106. Rf7 Qg4+ 107. Rf5 Qe4+ 108. Re5 Qg6+ 109. Kd7 Qf7+ 110. Re7 Qxd5+ 111. Ke8 Qg8+ 112. Kd7 Qg4+ 113. Ke8 Kd6 114. Ra7 Qc8+ 115. Kf7 Qc4+ 116. Kf8 Qf4+ 117. Rf7 Qb4 118. Kg7 Ke6 119. Rf6+ Ke5 120. Rf7 Qb6 121. Kf8 Qd8+ 122. Kg7 Ke6 0-1

[Event "Late-Titled-Tuesday-Blitz-February-27-2024"]
[Site "Chess.com"]
[Date "2024.02.27"]
[Round "4"]
[White "thesupera12"]
[Black "CURRUTACO59"]
[Result "0-1"]
[WhiteElo "2470"]
[BlackElo "2264"]
[TimeControl "180+1"]
[EndTime "14:33:55 PST"]
[Termination "CURRUTACO59 won by resignation"]

1. e4 e5 2. Nf3 Nc6 3. Bb5 Bc5 4. O-O Nd4 5. Bc4 Nxf3+ 6. Qxf3 Nf6 7. d3 d6 8. Bg5 h6 9. Bh4 g5 10. Bg3 Bg4 0-1

[Event "Late-Titled-Tuesday-Blitz-February-27-2024"]
[Site "Chess.com"]
[Date "2024.02.27"]
[Round "4"]
[White "FuenfgegenWilly"]
[Black "chessisveryfun1264"]
[Result "0-1"]
[WhiteElo "2458"]
[BlackElo "2638"]
[TimeControl "180+1"]
[EndTime "14:34:52 PST"]
[Termination "chessisveryfun1264 won by resignation"]

1. e4 c5 2. Nc3 d6 3. f4 Nf6 4. Nf3 Bg4 5. Bb5+ Nfd7 6. d4 a6 7. Be2 Nc6 8. d5 Bxf3 9. dxc6 Bxg2 10. cxd7+ Qxd7 11. Rg1 Qh3 12. Nd5 Qxh2 13. Kf2 Bxe4+ 14. Ke3 Bxd5 15. Qxd5 Qxg1+ 16. Kd3 Qd4+ 17. Qxd4 cxd4 18.
Bf3 O-O-O 0-1

[Event "Late-Titled-Tuesday-Blitz-February-27-2024"]
[Site "Chess.com"]
[Date "2024.02.27"]
[Round "4"]
[White "mightysmasher"]
[Black "1g60-1"]
[Result "1-0"]
[WhiteElo "2551"]
[BlackElo "2280"]
[TimeControl "180+1"]
[EndTime "14:35:17 PST"]
[Termination "mightysmasher won by resignation"]

1. e4 c5 2. c3 e6 3. d4 d5 4. exd5 Qxd5 5. Nf3 Nc6 6. Na3 cxd4 7. Nb5 Qe4+ 8. Be2 Kd8 9. O-O Bd7 10. Nbxd4 Nxd4 11. Nxd4 Nf6 12. Bf3 Qh4 13. g3 Qh3 14. Bg5 Rb8 15. Bg2 1-0

[Event "Late-Titled-Tuesday-Blitz-February-27-2024"]
[Site "Chess.com"]
[Date "2024.02.27"]
[Round "4"]
[White "adricalderon8"]
[Black "manitodeplomo"]
[Result "1-0"]
[WhiteElo "2491"]
[BlackElo "2657"]
[TimeControl "180+1"]
[EndTime "14:35:18 PST"]
[Termination "adricalderon8 won by checkmate"]

1. e4 c5 2. Ne2 e6 3. d4 cxd4 4. Nxd4 a6 5. Bd3 Bc5 6. Nb3 Be7 7. O-O d6 8. c4 Nc6 9. Nc3 Nf6 10. Be3 O-O 11.
f3 b6 12. Qd2 Nd7 13. Rfd1 Nc5 14. Bf1 Ra7 15. Nd4 Nxd4 16. Bxd4 a5 17. b3 Rd7 18. Qf2 Bb7 19. Qg3 Bh4 20. Qxg7# 1-0

[Event "Late-Titled-Tuesday-Blitz-February-27-2024"]
[Site "Chess.com"]
[Date "2024.02.27"]
[Round "4"]
[White "giomar27"]
[Black "ChessSwole"]
[Result "0-1"]
[WhiteElo "2407"]
[BlackElo "2693"]
[TimeControl "180+1"]
[EndTime "14:35:51 PST"]
[Termination "ChessSwole won by resignation"]

1. d4 d5 2. Nc3 Nf6 3. Bf4 g6 4.
e3 Bg7 5. h4 h5 6. Be2 c5 7.
Nf3 Nc6 8. Ne5 Qb6 9. Nb5 c4 10. a4 a6 11. Nc3 Qxb2 12. Kd2 Qb4 13. Rb1 Ne4+ 0-1

[Event "Late-Titled-Tuesday-Blitz-February-27-2024"]
[Site "Chess.com"]
[Date "2024.02.27"]
[Round "4"]
[White "Narek_Ghimoyan"]
[Black "masterofpuppets2"]
[Result "1-0"]
[WhiteElo "2392"]
[BlackElo "2507"]
[TimeControl "180+1"]
[EndTime "14:36:00 PST"]
[Termination "Narek_Ghimoyan won by resignation"]

1. d4 d5 2. c4 e6 3. Nc3 c5 4. e3 Nf6 5. Nf3 a6 6. dxc5 Bxc5 7. a3 O-O 8. b4 Bd6 9. Bb2 Nc6 10.
cxd5 exd5 11. Be2 Be6 12. O-O Rc8 13. Rc1 Qe7 14. Na4 Rfd8 15. Nc5 Ne4 16. Nxe6 Qxe6 17. g3 h6 18. Nd4 Nxd4 19. Qxd4 Bf8 20. Bf3 Nd2 21. Qxd2 Rc6 22. Rxc6 bxc6 23. Rc1 c5 24. bxc5 1-0

[Event "Late-Titled-Tuesday-Blitz-February-27-2024"]
[Site "Chess.com"]
[Date "2024.02.27"]
[Round "4"]
[White "s-dshubin"]
[Black "AcostaPablo"]
[Result "0-1"]
[WhiteElo "2357"]
[BlackElo "2632"]
[TimeControl "180+1"]
[EndTime "14:36:12 PST"]
[Termination "AcostaPablo won by checkmate"]

1. e4 e6 2. d4 d5 3. Nc3 Nf6 4.
exd5 exd5 5. Bg5 Be7 6. Bd3 O-O 7. Qd2 Nbd7 8. O-O-O c6 9. h4 b5 10. Re1 Bb4 11.
Nf3 Qa5 12. Ne5 Nxe5 13. dxe5 Ng4 14. Re2 d4 15. a3 dxc3 16. Qf4 cxb2+ 17. Kxb2 Qxa3+ 18. Kb1 Bc3 19. Qc1 Qa1# 0-1

[Event "Late-Titled-Tuesday-Blitz-February-27-2024"]
[Site "Chess.com"]
[Date "2024.02.27"]
[Round "4"]
[White "MolecularChemist"]
[Black "JonasGallasch"]
[Result "1-0"]
[WhiteElo "2866"]
[BlackElo "2420"]
[TimeControl "180+1"]
[EndTime "14:36:31 PST"]
[Termination "MolecularChemist won by resignation"]

1. Nf3 Nf6 2. c4 g6 3. b3 Bg7 4. Bb2 O-O 5. e3 b6 6. Nc3 Bb7 7. h4 d5 8. cxd5 Nxd5 9. Qc2 Nb4 10. Qb1 Ba6 11. Bxa6 N8xa6 12. O-O c5 13. h5 Qd3 14. hxg6 hxg6 15. Qd1 Rfd8 16. a3 Nd5 17. Rc1 e5 18. Ne1 Nxc3 19. Bxc3 Qd5 20. Qe2 Nc7 21. Qc4 Qxc4 22.
bxc4 e4 23. Bxg7 Kxg7 24. Rc2 Rd6 25. f3 Rad8 26. Rf2 Rxd2 27. Rfxd2 1-0

[Event "Late-Titled-Tuesday-Blitz-February-27-2024"]
[Site "Chess.com"]
[Date "2024.02.27"]
[Round "4"]
[White "DishonorOnYourCow"]
[Black "lagedema"]
[Result "1-0"]
[WhiteElo "2595"]
[BlackElo "2404"]
[TimeControl "180+1"]
[EndTime "14:36:39 PST"]
[Termination "DishonorOnYourCow won by resignation"]

1. d4 d5 2. c4 e6 3. Nc3 Nf6 4.
cxd5 exd5 5. Bg5 c6 6. e3 Be7 7. Bd3 Nbd7 8. Qc2 Nf8 9. Nf3 Ne6 10. Bh4 g6 11. Ne5 Ng7 12. O-O-O O-O 13. f4 Bf5 14. Bxf6 Bxf6 15. g4 Bxd3 16. Qxd3 Re8 17. h4 Bxe5 18.
fxe5 Qd7 19. Rdg1 c5 20. h5 Rac8 21. hxg6 hxg6 22. Qd2 cxd4 23. exd4 Ne6 24. Qh6 f6 25. Qh8+ 1-0

[Event "Late-Titled-Tuesday-Blitz-February-27-2024"]
[Site "Chess.com"]
[Date "2024.02.27"]
[Round "4"]
[White "NovakRatko"]
[Black "JosephRyan"]
[Result "1-0"]
[WhiteElo "2475"]
[BlackElo "2191"]
[TimeControl "180+1"]
[EndTime "14:36:42 PST"]
[Termination "NovakRatko won by resignation"]

1. d4 Nf6 2. c4 e6 3. a3 d5 4. Nc3 Be7 5. Bg5 h6 6. Bxf6 Bxf6 7. e3 O-O 8. Nf3 c5 9. dxc5 Bxc3+ 10.
bxc3 Qa5 11. cxd5 Qxc3+ 12. Nd2 Qxc5 13. dxe6 Bxe6 14. Qc1 Qxc1+ 15. Rxc1 Nd7 16. Bc4 Rfc8 17. Ke2 Bxc4+ 18. Nxc4 b5 19. Nd6 Rxc1 20. Rxc1 Rb8 21.
Rc7 Ne5 22. Rxa7 Nc4 23. Nxf7 Nxa3 24. Nxh6+ gxh6 25. Rxa3 Kg7 26. Kd3 Kf6 27. Ra6+ Kf5 28. Rxh6 b4 29. Kc2 b3+ 30. Kb2 Ke4 31. Rh4+ Kd3 32.
Rf4 Rg8 33. g4 Rh8 34. Kxb3 Rxh2 35. Kb4 1-0

[Event "Late-Titled-Tuesday-Blitz-February-27-2024"]
[Site "Chess.com"]
[Date "2024.02.27"]
[Round "4"]
[White "HaryKane"]
[Black "Resignify"]
[Result "1-0"]
[WhiteElo "2587"]
[BlackElo "2255"]
[TimeControl "180+1"]
[EndTime "14:36:51 PST"]
[Termination "HaryKane won by resignation"]

1. e4 d6 2. d4 Nf6 3. f3 Nbd7 4. c4 e5 5. Ne2 Be7 6. Nbc3 h6 7. Be3 Nh7 8. Qd2 Bg5 9. O-O-O Bxe3 10. Qxe3 Qg5 11. f4 exf4 12. Nxf4 c6 13. h4 Qe7 14. Bd3 Ndf6 15. Kb1 Ng4 16. Qg3 Bd7 17. Rhe1 O-O-O 18. e5 dxe5 19. dxe5 g6 20. e6 Bxe6 21. Nxe6 fxe6 22. Qxg4 1-0

[Event "Late-Titled-Tuesday-Blitz-February-27-2024"]
[Site "Chess.com"]
[Date "2024.02.27"]
[Round "4"]
[White "Bugcrusher"]
[Black "Boninknights"]
[Result "0-1"]
[WhiteElo "2570"]
[BlackElo "2399"]
[TimeControl "180+1"]
[EndTime "14:36:53 PST"]
[Termination "Boninknights won by resignation"]

1. d4 Nf6 2. Bf4 d5 3. e3 c5 4. Nf3 Nc6 5. Nbd2 Bg4 6. c3 e6 7. h3 Bxf3 8. Nxf3 Bd6 9. Bxd6 Qxd6 10. Be2 O-O 11. O-O e5 12. dxe5 Nxe5 13. Nxe5 Qxe5 14.
Bf3 Rad8 15. Qb3 Rd7 16. Rfd1 Rfd8 17. Qb5 b6 18. Rd2 h5 19. Rad1 g5 20. g3 g4 21.
hxg4 hxg4 22. Bg2 Ne4 23. Bxe4 Qxe4 24. c4 Kg7 25. Rxd5 Rh8 26. Kf1 Rh1+ 27. Ke2 Qf3+ 0-1

[Event "Late-Titled-Tuesday-Blitz-February-27-2024"]
[Site "Chess.com"]
[Date "2024.02.27"]
[Round "4"]
[White "janhelmer03"]
[Black "GlavkonVVS"]
[Result "0-1"]
[WhiteElo "2369"]
[BlackElo "2520"]
[TimeControl "180+1"]
[EndTime "14:36:59 PST"]
[Termination "GlavkonVVS won by resignation"]

1. d4 Nf6 2. c4 c5 3. d5 e6 4. Nc3 exd5 5. cxd5 d6 6. Nf3 g6 7. Bf4 Bg7 8. h3 O-O 9. e3 a6 10. a4 Re8 11. Be2 Ne4 12. Nxe4 Rxe4 13. Qc2 Rb4 14. Ra2 Bf5 15. Qc1 Qe7 16. O-O Rxf4 17.
exf4 Qxe2 18. Re1 Qd3 19. Re8+ Bf8 20. Ra3 Qxd5 21. g4 Bd7 22. Rd8 Bc6 23. f5 b5 24.
Qh6 Nd7 25. Rxa8 Bxa8 26. Qg5 Ne5 27. fxg6 Nxf3+ 28. Rxf3 Qxg5 0-1

[Event "Late-Titled-Tuesday-Blitz-February-27-2024"]
[Site "Chess.com"]
[Date "2024.02.27"]
[Round "4"]
[White "GHANDEEVAM2003"]
[Black "Sokoloco"]
[Result "1-0"]
[WhiteElo "3050"]
[BlackElo "2791"]
[TimeControl "180+1"]
[EndTime "14:37:01 PST"]
[Termination "GHANDEEVAM2003 won by resignation"]

1. b3 Nf6 2. Bb2 g6 3. g3 Bg7 4.
Bg2 O-O 5. Nf3 b6 6. c4 Bb7 7. O-O c5 8. d4 cxd4 9. Qxd4 Nc6 10. Qh4 d6 11. Nc3 Qc8 12. Nd5 Qd8 13. Nxf6+ Bxf6 14. Bxf6 exf6 15. Rad1 Qe7 16. Rd2 Ne5 17. Nxe5 Bxg2 18. Ng4 Qb7 19. Nxf6+ Kg7 20. Rxd6 h6 21. Qd4 Rg8 22.
Nd5+ 1-0

[Event "Late-Titled-Tuesday-Blitz-February-27-2024"]
[Site "Chess.com"]
[Date "2024.02.27"]
[Round "4"]
[White "Rud_2008"]
[Black "SantoBlue"]
[Result "0-1"]
[WhiteElo "2728"]
[BlackElo "2984"]
[TimeControl "180+1"]
[EndTime "14:37:04 PST"]
[Termination "SantoBlue won on time"]

1. e4 c5 2. Nf3 d6 3. Bb5+ Nd7 4. Ba4 a6 5. c4 g6 6. O-O Bg7 7. Nc3 Nf6 8. d4 cxd4 9. Nxd4 O-O 10. Kh1 Ne5 11.
Bb3 Bd7 12. Qe2 Nc6 13. Nxc6 Bxc6 14. f3 Nd7 0-1

[Event "Late-Titled-Tuesday-Blitz-February-27-2024"]
[Site "Chess.com"]
[Date "2024.02.27"]
[Round "4"]
[White "Evandro_Barbosa"]
[Black "almaguerjm"]
[Result "1-0"]
[WhiteElo "2670"]
[BlackElo "2456"]
[TimeControl "180+1"]
[EndTime "14:37:06 PST"]
[Termination "Evandro_Barbosa won by resignation"]

1. e4 e5 2. Nf3 Nc6 3. d4 exd4 4. Nxd4 Nf6 5. Nxc6 bxc6 6. e5 Qe7 7. Qe2 Nd5 8. Nd2 Qe6 9. Nf3 a5 10. c4 Nb6 11.
Qe4 d5 12. cxd5 cxd5 13. Qf4 Bb4+ 14. Bd2 Bxd2+ 15. Qxd2 O-O 16. Bd3 Nc4 17. Qc3 Nxe5 18. Bxh7+ Kxh7 19. Ng5+ 1-0